[Event "BL 2013-2014"]
[Site "Germany"]
[Date "2013.11.24"]
[Round "4.5"]
[White "Appel, Ralf"]
[Black "Burg, Twan"]
[Result "1-0"]
[ECO "D23"]
[WhiteElo "2530"]
[BlackElo "2497"]
[PlyCount "123"]
[EventDate "2013.??.??"]
[EventCountry "GER"]
[WhiteTeam "SV Wattenscheid 1930"]
[BlackTeam "SK Turm Emsdetten"]
[TimeControl "40/6000+30:20/3000+30:900+30"]

1. Nf3 Nf6 2. g3 Nc6 3. d4 d5 4. c4 dxc4 5. Nc3 e5 6. d5 Nb4 7. Bg2 Nbxd5 8.
Nxe5 Be6 9. O-O c6 10. Qd4 Nb6 11. Nxc6 bxc6 12. Bxc6+ Nbd7 13. Bxa8 Qxa8 14.
Rd1 Bc5 15. Qf4 Bh3 16. Qf3 Qxf3 17. exf3 O-O 18. Be3 Bxe3 19. fxe3 Ne5 20. Kf2
Nd3+ 21. Ke2 Nxb2 22. Rd4 Be6 23. e4 Nd3 24. Rb1 g6 25. Rb7 a6 26. Rd6 Rc8 27.
Rdb6 Nc5 28. Rb8 Rxb8 29. Rxb8+ Kg7 30. Ke3 Nfd7 31. Rc8 Kf6 32. Rc6 a5 33. Kd4
Nd3 34. Nd5+ Kg7 35. Rxc4 N3e5 36. Rc3 f5 37. f4 Ng4 38. e5 Nxh2 39. a3 Kf7 40.
Nc7 Nf8 41. Nxe6 Nxe6+ 42. Kd5 g5 43. fxg5 Nxg5 44. Rc7+ Kg6 45. Rc6+ Kg7 46.
Ra6 Nf1 47. Rxa5 Nxg3 48. Ra7+ Kf8 49. Rc7 f4 50. Rc4 Ne2 51. e6 f3 52. Rc8+
Ke7 53. Rc7+ Ke8 54. Rc8+ Ke7 55. Rc7+ Kd8 56. Kd6 Ne4+ 57. Kc6 f2 58. Rf7 N2g3
59. a4 f1=Q 60. e7+ Ke8 61. Rxf1 Nxf1 62. a5 1-0

[Event "BL 2013-2014"]
[Site "Germany"]
[Date "2013.11.24"]
[Round "4.1"]
[White "Areshchenko, Alexander"]
[Black "Melkumyan, Hrant"]
[Result "1-0"]
[ECO "C91"]
[WhiteElo "2720"]
[BlackElo "2634"]
[PlyCount "109"]
[EventDate "2013.??.??"]
[EventCountry "GER"]
[WhiteTeam "Werder Bremen"]
[BlackTeam "SF Berlin 1903"]
[TimeControl "40/6000+30:20/3000+30:900+30"]

1. e4 e5 2. Nf3 Nc6 3. Bb5 a6 4. Ba4 Nf6 5. O-O Be7 6. Re1 b5 7. Bb3 O-O 8. d4
d6 9. c3 Bg4 10. Be3 exd4 11. cxd4 d5 12. e5 Ne4 13. Nc3 Nxc3 14. bxc3 Na5 15.
Bc2 Nc4 16. Qd3 g6 17. Bh6 Re8 18. h3 Bf5 19. Qe2 Bxc2 20. Qxc2 Qd7 21. Nh2 a5
22. Ng4 Ra6 23. f4 Qf5 24. Qc1 Qd3 25. Bg5 Ba3 26. Qb1 Qxb1 27. Raxb1 Rb8 28.
Re2 Kg7 29. Bh6+ Kh8 30. Nf6 c6 31. e6 Ra7 32. Rbe1 Nd6 33. Nd7 Rg8 34. Bg5 h5
35. Bf6+ Kh7 36. exf7 Nxf7 37. Re7 Bxe7 38. Rxe7 Rxd7 39. Rxd7 Rf8 40. Rc7 b4
41. cxb4 axb4 42. Be7 Ra8 43. Bxb4 Kg7 44. a3 Ra6 45. g4 hxg4 46. hxg4 Ra8 47.
g5 Re8 48. Kf2 Re4 49. Kf3 Kg8 50. Rxc6 Kh7 51. Rc7 Kg8 52. Rc8+ Kh7 53. Bc5
Re1 54. Rc7 Kg8 55. Rd7 1-0

[Event "BL 2013-2014"]
[Site "Germany"]
[Date "2013.11.24"]
[Round "4.6"]
[White "Balogh, Csaba"]
[Black "Gordon, Stephen J"]
[Result "1/2-1/2"]
[ECO "B52"]
[WhiteElo "2630"]
[BlackElo "2518"]
[PlyCount "191"]
[EventDate "2013.??.??"]
[EventCountry "GER"]
[WhiteTeam "SC Eppingen"]
[BlackTeam "SG Trier 1877"]
[TimeControl "40/6000+30:20/3000+30:900+30"]

1. e4 c5 2. Nf3 d6 3. Bb5+ Bd7 4. c4 Nf6 5. Nc3 g6 6. d4 cxd4 7. Nxd4 Bg7 8.
O-O O-O 9. Bxd7 Qxd7 10. b3 Nc6 11. Bb2 a6 12. Nxc6 Qxc6 13. Nd5 Nxd5 14. exd5
Qc5 15. Bxg7 Kxg7 16. Re1 Rfe8 17. Re4 e5 18. dxe6 Rxe6 19. Rxe6 fxe6 20. Qd2
Rf8 21. Re1 Rf6 22. h3 e5 23. Re4 b5 24. cxb5 axb5 25. a4 bxa4 26. bxa4 Rf7 27.
a5 Ra7 28. Ra4 Ra6 29. h4 d5 30. Qe2 Qd6 31. Qb5 Ra7 32. a6 d4 33. Qd3 e4 34.
Qxe4 d3 35. Rd4 Qxa6 36. Rxd3 Qa1+ 37. Kh2 Qf6 38. Rf3 Re7 39. Qb4 Qe5+ 40. g3
Qe2 41. Qf4 h5 42. Qf8+ Kh7 43. Rc3 Qe6 44. Rc8 Qe5 45. Qg8+ Kh6 46. Rc4 Qg7
47. Qb8 Kh7 48. Qb1 Rf7 49. Qc2 Qf6 50. Rc7 Qf3 51. Kg1 Rxc7 52. Qxc7+ Kg8 53.
Qe5 Qc6 54. Kf1 Qc2 55. Qd5+ Kg7 56. Kg2 Qe2 57. Qb7+ Kg8 58. Qf3 Qe6 59. Qa8+
Kg7 60. Qb7+ Kh6 61. Qa8 Kg7 62. Qa7+ Kg8 63. Qb8+ Kg7 64. Qc7+ Kg8 65. Qd8+
Kh7 66. Qc7+ Kg8 67. Qd8+ Kh7 68. Qd4 Qe2 69. Qe3 Qc2 70. Qe7+ Kg8 71. Kf3 Qd3+
72. Kf4 Qf5+ 73. Ke3 Qb1 74. Qe8+ Kg7 75. Qe5+ Kf7 76. Qd5+ Kf6 77. Qd6+ Kf7
78. Qc5 Qe1+ 79. Kf4 Qd2+ 80. Ke5 Qe2+ 81. Kd6 Qe6+ 82. Kc7 Qe2 83. Qd4 Qa2 84.
Kd7 Qe6+ 85. Kd8 Qe8+ 86. Kc7 Qe2 87. Qd5+ Kf6 88. f3 Qf2 89. Qd6+ Kf7 90. Qf4+
Kg7 91. Kd7 Qe1 92. Qd6 Kf7 93. Qd5+ Kg7 94. Qd4+ Kf7 95. Qf4+ Kg7 96. Qd4+
1/2-1/2

[Event "BL 2013-2014"]
[Site "Germany"]
[Date "2013.11.24"]
[Round "4.3"]
[White "Baramidze, David"]
[Black "Bulski, Krzysztof"]
[Result "1/2-1/2"]
[ECO "D46"]
[WhiteElo "2614"]
[BlackElo "2538"]
[PlyCount "91"]
[EventDate "2013.??.??"]
[EventCountry "GER"]
[WhiteTeam "SV 1930 Hockenheim"]
[BlackTeam "SV Griesheim"]
[TimeControl "40/6000+30:20/3000+30:900+30"]

1. Nf3 d5 2. c4 c6 3. e3 Nf6 4. Nc3 e6 5. d4 Nbd7 6. Bd3 dxc4 7. Bxc4 b5 8. Bd3
Bd6 9. O-O O-O 10. Qc2 Bb7 11. a3 a5 12. Bd2 Qe7 13. Ng5 h6 14. Nge4 Nxe4 15.
Nxe4 c5 16. Nxd6 Qxd6 17. Bxb5 cxd4 18. Qd3 Nc5 19. Qxd4 Qxd4 20. exd4 Nb3 21.
Rad1 Nxd4 22. a4 Nxb5 23. axb5 Bd5 24. b6 Rfb8 25. Be3 a4 26. Ra1 Bb3 27. Rfc1
Ra5 28. Rc5 Rxc5 29. Bxc5 f6 30. f4 Kf7 31. Rc1 Rc8 32. Kf2 Bd5 33. g4 e5 34.
f5 g6 35. Be3 Rxc1 36. Bxc1 gxf5 37. gxf5 h5 38. Kg3 Ke7 39. Kh4 Bf3 40. Bh6
Kd7 41. Bg7 Bg4 42. Bxf6 Bxf5 43. Bxe5 Kc6 44. Kxh5 a3 45. bxa3 Kxb6 46. h4
1/2-1/2

[Event "BL 2013-2014"]
[Site "Germany"]
[Date "2013.11.24"]
[Round "4.2"]
[White "Berkes, Ferenc"]
[Black "Lupulescu, Constantin"]
[Result "1/2-1/2"]
[ECO "A00"]
[WhiteElo "2674"]
[BlackElo "2630"]
[PlyCount "59"]
[EventDate "2013.??.??"]
[EventCountry "GER"]
[WhiteTeam "SC Eppingen"]
[BlackTeam "SG Trier 1877"]
[TimeControl "40/6000+30:20/3000+30:900+30"]

1. g3 d5 2. Bg2 e5 3. d3 Nf6 4. Nf3 Bd6 5. O-O O-O 6. Nc3 c6 7. e4 h6 8. Re1
dxe4 9. Nxe4 Nxe4 10. dxe4 Be6 11. Nh4 Bc5 12. Qf3 Nd7 13. Nf5 Qf6 14. Bd2 Rfd8
15. Rad1 Kh8 16. Bc3 Nb6 17. b3 Kh7 18. a4 g6 19. a5 gxf5 20. axb6 Bxb6 21.
exf5 Qxf5 22. Rxd8 Qxf3 23. Bxf3 Rxd8 24. Rxe5 Bd4 25. Bxd4 Rxd4 26. Kf1 Kg6
27. Ke2 Bf5 28. Ke3 Rd6 29. Rc5 b6 30. Rc4 1/2-1/2

[Event "BL 2013-2014"]
[Site "Germany"]
[Date "2013.11.24"]
[Round "4.4"]
[White "Bok, Benjamin"]
[Black "Berelowitsch, Alexander"]
[Result "1/2-1/2"]
[ECO "C08"]
[WhiteElo "2532"]
[BlackElo "2542"]
[PlyCount "76"]
[EventDate "2013.??.??"]
[EventCountry "GER"]
[WhiteTeam "SF Katernberg"]
[BlackTeam "SV Mülheim-Nord"]
[TimeControl "40/6000+30:20/3000+30:900+30"]

1. e4 e6 2. d4 d5 3. Nd2 c5 4. exd5 exd5 5. Ngf3 Nf6 6. Bb5+ Bd7 7. Bxd7+ Nbxd7
8. O-O Be7 9. dxc5 Nxc5 10. Nb3 Nce4 11. Nfd4 Qd7 12. f3 Nd6 13. Nc5 Qc8 14.
Nd3 O-O 15. Bf4 Re8 16. Re1 Nc4 17. b3 Na5 18. Qd2 Nc6 19. Nxc6 bxc6 20. Re2
Bf8 21. Rxe8 Nxe8 22. Qa5 Nf6 23. Re1 Qb7 24. Be3 Nd7 25. Nc5 Nxc5 26. Bxc5
Bxc5+ 27. Qxc5 Qb6 28. Qxb6 axb6 29. Re7 Kf8 30. Rc7 Rxa2 31. Rxc6 Ke7 32. Kf1
Kd7 33. Rc3 b5 34. Ke2 b4 35. Rc5 Kd6 36. Rc8 Kd7 37. Rc5 Kd6 38. Rc8 Kd7
1/2-1/2

[Event "BL 2013-2014"]
[Site "Germany"]
[Date "2013.11.24"]
[Round "4.3"]
[White "Dragun, Kamil"]
[Black "Mchedlishvili, Mikheil"]
[Result "0-1"]
[ECO "D80"]
[WhiteElo "2543"]
[BlackElo "2631"]
[PlyCount "110"]
[EventDate "2013.??.??"]
[EventCountry "GER"]
[WhiteTeam "SV Wattenscheid 1930"]
[BlackTeam "SK Turm Emsdetten"]
[TimeControl "40/6000+30:20/3000+30:900+30"]

1. d4 Nf6 2. c4 g6 3. Nc3 d5 4. Bg5 Bg7 5. e3 c5 6. Nf3 cxd4 7. Nxd4 Ne4 8. Bh4
Nxc3 9. bxc3 Nc6 10. Qb3 Qa5 11. Rd1 Bd7 12. Be2 Nxd4 13. exd4 dxc4 14. Bxc4
O-O 15. O-O Rac8 16. Qxb7 Rxc4 17. Qxd7 Rc7 18. Qg4 e6 19. Qe2 Rxc3 20. Qd2
Rfc8 21. d5 Qa4 22. Bg3 Rc2 23. Qg5 h6 24. Qe7 exd5 25. Rxd5 Qxa2 26. Rdd1 a5
27. h4 a4 28. h5 R2c6 29. Rd3 Qe6 30. Qa3 Rc4 31. Re3 Qf5 32. hxg6 Qxg6 33.
Rfe1 Rg4 34. Qe7 h5 35. Qd7 Rcc4 36. Qd5 h4 37. Bh2 Kh7 38. Kh1 Rcd4 39. Qf3
Qf6 40. Qe2 Qc6 41. f3 Rg6 42. Be5 Rc4 43. Qd3 h3 44. gxh3 Qc8 45. Kh2 Rc2+ 46.
R1e2 Rxe2+ 47. Rxe2 Bxe5+ 48. Rxe5 a3 49. Qb3 Qc7 50. f4 Qa7 51. Qe3 Qxe3 52.
Rxe3 Ra6 53. Re1 a2 54. Ra1 Ra3 55. Kg2 Kg6 0-1

[Event "BL 2013-2014"]
[Site "Germany"]
[Date "2013.11.24"]
[Round "4.2"]
[White "Dubov, Daniil"]
[Black "Bartel, Mateusz"]
[Result "0-1"]
[ECO "A27"]
[WhiteElo "2641"]
[BlackElo "2626"]
[PlyCount "136"]
[EventDate "2013.??.??"]
[EventCountry "GER"]
[WhiteTeam "SK Turm Emsdetten"]
[BlackTeam "SV Wattenscheid 1930"]
[TimeControl "40/6000+30:20/3000+30:900+30"]

1. c4 e5 2. Nc3 Nc6 3. Nf3 f5 4. g3 d6 5. d4 e4 6. Ng5 h6 7. Nh3 g5 8. Bg2 Bg7
9. d5 Ne5 10. O-O c6 11. f3 Nf6 12. fxe4 fxe4 13. Nf2 O-O 14. dxc6 bxc6 15.
Nfxe4 Nxe4 16. Rxf8+ Qxf8 17. Nxe4 Nxc4 18. Qa4 Be6 19. Qxc6 Rc8 20. Qa6 Qf5
21. Bd2 Nxd2 22. Nxd2 Qe5 23. Nb3 Qe3+ 24. Kh1 Rc2 25. Re1 Qf2 26. Qa5 Rxe2 27.
Rxe2 Qxe2 28. Qxa7 Be5 29. Qa8+ Kg7 30. Qb7+ Bf7 31. Qf3 Qxb2 32. Qd1 Bh5 33.
Bf3 Bxf3+ 34. Qxf3 Qb1+ 35. Kg2 Qxa2+ 36. Kg1 Qb1+ 37. Kg2 Qc2+ 38. Kg1 h5 39.
h3 Kg6 40. g4 h4 41. Kf1 Qc4+ 42. Kg2 Bf4 43. Qd1 Qc3 44. Qf3 Qc4 45. Qd1 Kf6
46. Nd4 d5 47. Nf3 Ke6 48. Qe1+ Kd7 49. Qf2 Kc6 50. Nd4+ Kd6 51. Qb2 Kc7 52.
Ne6+ Kd7 53. Nxf4 Qe4+ 54. Kg1 Qe3+ 55. Kg2 Qe4+ 56. Kg1 Qxf4 57. Qb7+ Ke6 58.
Qc8+ Ke5 59. Qb8+ Ke4 60. Qb1+ Ke3 61. Qe1+ Kd3 62. Qb1+ Ke2 63. Qb5+ Qc4 64.
Qb2+ Kd3 65. Qb1+ Qc2 66. Qb5+ Ke3 67. Qe8+ Qe4 68. Qb5 Qd4 0-1

[Event "BL 2013-2014"]
[Site "Germany"]
[Date "2013.11.24"]
[Round "4.3"]
[White "Edouard, Romain"]
[Black "Mista, Aleksander"]
[Result "1-0"]
[ECO "A39"]
[WhiteElo "2653"]
[BlackElo "2582"]
[PlyCount "117"]
[EventDate "2013.??.??"]
[EventCountry "GER"]
[WhiteTeam "Werder Bremen"]
[BlackTeam "SF Berlin 1903"]
[TimeControl "40/6000+30:20/3000+30:900+30"]

1. d4 Nf6 2. c4 g6 3. g3 c5 4. Nf3 cxd4 5. Nxd4 Bg7 6. Bg2 O-O 7. Nc3 Nc6 8.
O-O Nxd4 9. Qxd4 d6 10. Qd3 a6 11. Bg5 Rb8 12. a4 Be6 13. b3 Qa5 14. Qd2 Rfd8
15. Rfd1 Ng4 16. Rac1 Qb6 17. Ne4 f6 18. Bf4 Qxb3 19. h3 Ne5 20. Bxe5 dxe5 21.
Qxd8+ Rxd8 22. Rxd8+ Kf7 23. Rdd1 Bh6 24. e3 Bc8 25. Nc5 Qb6 26. Nxb7 e4 27.
Nd8+ Kg7 28. c5 Qc7 29. Rc3 f5 30. c6 Bg5 31. h4 Bf6 32. Rc5 e6 33. Nb7 Be7 34.
Rcc1 h6 35. Nc5 Qxc6 36. Nxe4 Qxa4 37. Nd6 Bxd6 38. Rxd6 Qe8 39. Rc7+ Kf6 40.
Ra7 g5 41. hxg5+ hxg5 42. Rd4 Qb5 43. Rc7 Qb1+ 44. Kh2 Qb2 45. f4 gxf4 46. Rxf4
Qb6 47. Rxc8 Qxe3 48. Rc6 Qe2 49. Ra4 a5 50. Rd4 Kg5 51. Rdd6 Qh5+ 52. Kg1 e5
53. Bf3 Qh7 54. Kg2 e4 55. Be2 Qg7 56. Rd8 Qh7 57. Bc4 f4 58. Rc5+ Kf6 59. Rd6+
1-0

[Event "BL 2013-2014"]
[Site "Germany"]
[Date "2013.11.24"]
[Round "4.1"]
[White "Erdos, Viktor"]
[Black "Harikrishna, P."]
[Result "1/2-1/2"]
[ECO "A50"]
[WhiteElo "2658"]
[BlackElo "2704"]
[PlyCount "51"]
[EventDate "2013.??.??"]
[EventCountry "GER"]
[WhiteTeam "SG Trier 1877"]
[BlackTeam "SC Eppingen"]
[TimeControl "40/6000+30:20/3000+30:900+30"]

1. Nf3 Nf6 2. c4 b6 3. g3 Bb7 4. Bg2 g6 5. O-O Bg7 6. Nc3 O-O 7. d4 Ne4 8. Nxe4
Bxe4 9. Be3 d6 10. Qd2 c5 11. Bh6 Nd7 12. Rfd1 Nf6 13. Rac1 Qc8 14. Bxg7 Kxg7
15. b3 Qa6 16. Qb2 Qb7 17. Ne1 Bxg2 18. Nxg2 Rac8 19. Ne3 Kg8 20. dxc5 Rxc5 21.
Rxd6 exd6 22. Qxf6 Re8 23. Rd1 Re6 24. Qd8+ Kg7 25. Rxd6 Qc7 26. Qxc7 1/2-1/2

[Event "BL 2013-2014"]
[Site "Germany"]
[Date "2013.11.24"]
[Round "4.3"]
[White "Fridman, Daniel"]
[Black "Chuchelov, Vladimir"]
[Result "1/2-1/2"]
[ECO "D13"]
[WhiteElo "2600"]
[BlackElo "2553"]
[PlyCount "21"]
[EventDate "2013.??.??"]
[EventCountry "GER"]
[WhiteTeam "SV Mülheim-Nord"]
[BlackTeam "SF Katernberg"]
[TimeControl "40/6000+30:20/3000+30:900+30"]

1. Nf3 d5 2. d4 Nf6 3. c4 c6 4. cxd5 cxd5 5. Nc3 Nc6 6. Bf4 a6 7. Rc1 Nh5 8.
Bd2 Nf6 9. Bf4 Nh5 10. Bd2 Nf6 11. Bf4 1/2-1/2

[Event "BL 2013-2014"]
[Site "Germany"]
[Date "2013.11.24"]
[Round "4.5"]
[White "Ftacnik, Lubomir"]
[Black "Von Herman, Ulf"]
[Result "1-0"]
[ECO "A34"]
[WhiteElo "2545"]
[BlackElo "2375"]
[PlyCount "101"]
[EventDate "2013.??.??"]
[EventCountry "GER"]
[WhiteTeam "Hamburger SK"]
[BlackTeam "SK König Tegel"]
[TimeControl "40/6000+30:20/3000+30:900+30"]

1. Nf3 c5 2. c4 Nc6 3. Nc3 Nf6 4. g3 g6 5. Bg2 d6 6. O-O Be6 7. b3 Bg7 8. Bb2
Ne4 9. Na4 Bxb2 10. Nxb2 Bd7 11. e3 Qc8 12. Qc2 Bf5 13. d3 Nf6 14. Qc3 Bh3 15.
a3 h5 16. Bxh3 Qxh3 17. Ng5 Qf5 18. h4 O-O 19. Rae1 Qe5 20. Qc2 Qf5 21. f4 Nh7
22. Ne4 Qh3 23. Nd1 Qd7 24. Ndc3 f5 25. Nd2 e6 26. Nf3 Qg7 27. Qd2 e5 28. b4 b6
29. Nd5 Rae8 30. b5 Na5 31. Ng5 Kh8 32. Qc3 exf4 33. Qxg7+ Kxg7 34. exf4 Nxg5
35. hxg5 Nb3 36. Nc7 Rxe1 37. Rxe1 Rf7 38. Ne8+ Kh7 39. Nf6+ Kg7 40. Re8 Rb7
41. Re6 Nc1 42. Rxd6 Re7 43. a4 Kf7 44. Kf1 Re3 45. Rd7+ Ke6 46. Rxa7 Nxd3 47.
Re7+ Kxe7 48. Nd5+ Kd6 49. Nxe3 h4 50. Nd5 hxg3 51. Kg2 {Kxd5} 1-0

[Event "BL 2013-2014"]
[Site "Germany"]
[Date "2013.11.24"]
[Round "4.3"]
[White "Ghaem Maghami, Ehsan"]
[Black "Richter, Michael"]
[Result "1-0"]
[ECO "D43"]
[WhiteElo "2561"]
[BlackElo "2467"]
[PlyCount "83"]
[EventDate "2013.??.??"]
[EventCountry "GER"]
[WhiteTeam "Hamburger SK"]
[BlackTeam "SK König Tegel"]
[TimeControl "40/6000+30:20/3000+30:900+30"]

1. c4 e6 2. Nf3 d5 3. d4 c6 4. Qc2 dxc4 5. Qxc4 Nf6 6. Bg5 h6 7. Bxf6 Qxf6 8.
Nc3 Nd7 9. Rd1 g6 10. e4 Bg7 11. e5 Qd8 12. Ne4 O-O 13. Bd3 Qa5+ 14. Qc3 Qxc3+
15. bxc3 c5 16. Nxc5 Nxc5 17. dxc5 g5 18. h3 Bd7 19. Be4 Bc6 20. Bxc6 bxc6 21.
Ke2 Rab8 22. Rb1 Rfc8 23. Nd4 Bf8 24. Rxb8 Rxb8 25. Nb3 a5 26. Rd1 a4 27. Nd4
Rc8 28. Rb1 Bxc5 29. Kd3 Bf8 30. Rb6 c5 31. Nc6 Ra8 32. Kc4 h5 33. Rb8 Rxb8 34.
Nxb8 g4 35. hxg4 hxg4 36. Nd7 Be7 37. Nxc5 a3 38. Ne4 Kg7 39. Kd4 Kg6 40. c4
Bd8 41. c5 Bc7 42. Nd6 1-0

[Event "BL 2013-2014"]
[Site "Germany"]
[Date "2013.11.24"]
[Round "4.4"]
[White "Grabarczyk, Miroslaw"]
[Black "Saric, Ivan"]
[Result "1/2-1/2"]
[ECO "D10"]
[WhiteElo "2470"]
[BlackElo "2628"]
[PlyCount "51"]
[EventDate "2013.??.??"]
[EventCountry "GER"]
[WhiteTeam "SV Griesheim"]
[BlackTeam "SV 1930 Hockenheim"]
[TimeControl "40/6000+30:20/3000+30:900+30"]

1. d4 d5 2. c4 c6 3. cxd5 cxd5 4. Nc3 Nf6 5. Bf4 Nc6 6. e3 Bg4 7. Be2 Bxe2 8.
Ngxe2 e6 9. O-O Be7 10. Bg5 Nd7 11. Bxe7 Qxe7 12. Nf4 O-O 13. Nd3 Rfc8 14. Rc1
Nb4 15. Qd2 a5 16. b3 Rc6 17. Nb2 Rac8 18. a3 Na6 19. Nb5 Qd8 20. Na4 b6 21.
Na7 Rxc1 22. Rxc1 Rxc1+ 23. Qxc1 Qc7 24. Qxc7 Nxc7 25. Nc8 b5 26. Nc5 1/2-1/2

[Event "BL 2013-2014"]
[Site "Germany"]
[Date "2013.11.24"]
[Round "4.4"]
[White "Grandelius, Nils"]
[Black "Rustemov, Alexander"]
[Result "1-0"]
[ECO "D20"]
[WhiteElo "2557"]
[BlackElo "2538"]
[PlyCount "113"]
[EventDate "2013.??.??"]
[EventCountry "GER"]
[WhiteTeam "SK Turm Emsdetten"]
[BlackTeam "SV Wattenscheid 1930"]
[TimeControl "40/6000+30:20/3000+30:900+30"]

1. d4 d5 2. c4 dxc4 3. e4 Nf6 4. e5 Nd5 5. Bxc4 Nb6 6. Bd3 Nc6 7. Be3 Nb4 8.
Be4 g6 9. Nc3 c6 10. Nge2 Bg7 11. Nf4 N4d5 12. Ncxd5 Nxd5 13. Bxd5 cxd5 14. Qf3
e6 15. Qg3 Bf8 16. O-O Be7 17. Rfc1 h6 18. Rc2 Bd7 19. Rac1 Bc6 20. Qh3 Qd7 21.
Nd3 Kf8 22. Bxh6+ Kg8 23. Qe3 Qd8 24. Bf4 Kg7 25. f3 Rh5 26. Nf2 Qa5 27. a3
Rah8 28. Ng4 Qb6 29. Rd2 Rf5 30. Nf6 Rh4 31. g4 Rxf6 32. exf6+ Bxf6 33. Be5
Bxe5 34. Qxe5+ Kg8 35. Qd6 Kg7 36. Re1 Rh8 37. f4 Rd8 38. Qe5+ f6 39. Qe3 Bd7
40. Rc1 Re8 41. Rc3 Bc6 42. Qf2 Kf7 43. Rh3 Rg8 44. Rh7+ Rg7 45. Rxg7+ Kxg7 46.
Qe3 Kf7 47. Qh3 Be8 48. g5 Ke7 49. Qh8 fxg5 50. fxg5 Qb3 51. Qf6+ Kd7 52. Re2
Qh3 53. Qf4 Ke7 54. Re3 Qh8 55. Qe5 Qg8 56. Qf6+ Kd7 57. Rh3 1-0

[Event "BL 2013-2014"]
[Site "Germany"]
[Date "2013.11.24"]
[Round "4.8"]
[White "Hahn, Werner"]
[Black "Boguslavskyy, Oleg"]
[Result "0-1"]
[ECO "A32"]
[WhiteElo "2171"]
[BlackElo "2442"]
[PlyCount "114"]
[EventDate "2013.??.??"]
[EventCountry "GER"]
[WhiteTeam "SV Griesheim"]
[BlackTeam "SV 1930 Hockenheim"]
[TimeControl "40/6000+30:20/3000+30:900+30"]

1. d4 Nf6 2. c4 c5 3. Nf3 cxd4 4. Nxd4 e6 5. Nc3 Bb4 6. Ndb5 d5 7. a3 Bxc3+ 8.
Nxc3 d4 9. Nb1 O-O 10. g3 e5 11. Bg2 Nc6 12. O-O h6 13. b3 Bf5 14. Nd2 Qd7 15.
Re1 e4 16. Nf1 Bh3 17. Bb2 Rad8 18. Qd2 Bxg2 19. Kxg2 Qf5 20. Qf4 Qxf4 21. gxf4
Na5 22. Rab1 Nxb3 23. e3 b6 24. Red1 Nh5 25. Ng3 Nxg3 26. Kxg3 dxe3 27. fxe3
Na5 28. Rxd8 Rxd8 29. Rc1 Rc8 30. f5 Nxc4 31. Kf4 f6 32. Bd4 Kf7 33. a4 Nd6 34.
Rxc8 Nxc8 35. Kxe4 Nd6+ 36. Kf4 b5 37. axb5 Nxb5 38. Ba1 a5 39. e4 a4 40. Ke3
Ke7 41. e5 fxe5 42. Bxe5 Kf7 43. Kd3 Na7 44. Bc3 Nc6 45. Kc4 Ne7 46. f6 gxf6
47. Bd2 h5 48. Kb4 Ke6 49. Kxa4 Kd5 50. Kb3 f5 51. Kc2 Ke4 52. Kd1 Kf3 53. Ke1
Kg2 54. Bf4 Ng6 55. Bc7 f4 56. Bb8 f3 57. Ba7 Nf4 0-1

[Event "BL 2013-2014"]
[Site "Germany"]
[Date "2013.11.24"]
[Round "4.5"]
[White "Hausrath, Daniel"]
[Black "Siebrecht, Sebastian"]
[Result "1/2-1/2"]
[ECO "D78"]
[WhiteElo "2533"]
[BlackElo "2500"]
[PlyCount "56"]
[EventDate "2013.??.??"]
[EventCountry "GER"]
[WhiteTeam "SV Mülheim-Nord"]
[BlackTeam "SF Katernberg"]
[TimeControl "40/6000+30:20/3000+30:900+30"]

1. Nf3 d5 2. g3 g6 3. Bg2 Bg7 4. d4 Nf6 5. O-O O-O 6. c4 c6 7. b3 Bf5 8. Bb2 a6
9. Nbd2 Nbd7 10. Rc1 Ne4 11. Nh4 Nxd2 12. Qxd2 Be6 13. e4 dxe4 14. Bxe4 Nf6 15.
Bg2 Qd7 16. Rfe1 Rfe8 17. Nf3 Bh3 18. Bh1 Rad8 19. Qa5 Qc8 20. Ba3 Bf8 21. Rc2
Bg4 22. Rce2 Bxf3 23. Bxf3 Rxd4 24. Bxe7 Rxe7 25. Rxe7 Bxe7 26. Rxe7 Rd7 27.
Re3 Qc7 28. Qc3 Qd6 1/2-1/2

[Event "BL 2013-2014"]
[Site "Germany"]
[Date "2013.11.24"]
[Round "4.6"]
[White "Hector, Jonny"]
[Black "Handke, Florian"]
[Result "1-0"]
[ECO "B18"]
[WhiteElo "2503"]
[BlackElo "2541"]
[PlyCount "91"]
[EventDate "2013.??.??"]
[EventCountry "GER"]
[WhiteTeam "SK Turm Emsdetten"]
[BlackTeam "SV Wattenscheid 1930"]
[TimeControl "40/6000+30:20/3000+30:900+30"]

1. e4 c6 2. d4 d5 3. Nc3 dxe4 4. Nxe4 Bf5 5. Ng3 Bg6 6. Nh3 e6 7. Nf4 Bd6 8. h4
Qc7 9. Nxg6 hxg6 10. Ne4 Bf4 11. Bxf4 Qxf4 12. Ng5 Nd7 13. g3 Qd6 14. Qd2 Qd5
15. Rg1 c5 16. Bg2 Qxd4 17. Qxd4 cxd4 18. O-O-O Rb8 19. Rxd4 Ngf6 20. Rgd1 Rf8
21. Nh7 Rg8 22. Nxf6+ Nxf6 23. Rc4 b6 24. b4 Rh8 25. Bf3 Kf8 26. b5 Nd5 27.
Bxd5 exd5 28. Rxd5 Rh5 29. Rxh5 gxh5 30. Rc7 Ra8 31. a4 g6 32. Kb2 Kg7 33. Kb3
Kf6 34. a5 bxa5 35. Ka4 g5 36. Kxa5 gxh4 37. gxh4 Kf5 38. Rxf7+ Kg4 39. c4 Rc8
40. Kb4 Ra8 41. c5 Kxh4 42. c6 Kg5 43. Ka5 Kg6 44. Rf3 Rc8 45. Ka6 Rc7 46. Rc3
1-0

[Event "BL 2013-2014"]
[Site "Germany"]
[Date "2013.11.24"]
[Round "4.7"]
[White "Heinemann, Thies"]
[Black "Fruebing, Stefan"]
[Result "1-0"]
[ECO "B31"]
[WhiteElo "2453"]
[BlackElo "2378"]
[PlyCount "99"]
[EventDate "2013.??.??"]
[EventCountry "GER"]
[WhiteTeam "Hamburger SK"]
[BlackTeam "SK König Tegel"]
[TimeControl "40/6000+30:20/3000+30:900+30"]

1. e4 c5 2. Nf3 Nc6 3. Bb5 g6 4. O-O Bg7 5. Bxc6 dxc6 6. h3 Nf6 7. Nc3 Nd7 8.
d3 e5 9. Be3 Qe7 10. Qd2 h6 11. a3 Nf8 12. b4 Ne6 13. Na4 Nd4 14. Nh2 b6 15.
Rfb1 Be6 16. c4 Rd8 17. Rb2 cxb4 18. axb4 f5 19. Nc3 f4 20. Bxd4 exd4 21. Nd5
cxd5 22. exd5 Bxd5 23. cxd5 O-O 24. Rba2 Rxd5 25. Rxa7 Rd7 26. R7a6 Rf6 27. Nf3
Kh7 28. Re1 Qd6 29. Re4 Rf5 30. Qe1 Qc6 31. Re6 Rd6 32. Re7 Rd7 33. Rxd7 Qxd7
34. Rxb6 Rb5 35. Re6 Rxb4 36. Qe4 Qf7 37. Re7 Qf6 38. Rc7 Rb6 39. Ne5 f3 40.
Nxf3 Rb1+ 41. Ne1 Rb2 42. f4 Rb1 43. Kh2 Rb6 44. Nf3 Re6 45. Ne5 Qd8 46. Qb7
Qf8 47. Rf7 Qg8 48. Qd7 Ra6 49. Ng4 Kh8 50. Rxg7 1-0

[Event "BL 2013-2014"]
[Site "Germany"]
[Date "2013.11.24"]
[Round "4.7"]
[White "Hirneise, Tobias"]
[Black "Janssen, Ruud"]
[Result "1/2-1/2"]
[ECO "E39"]
[WhiteElo "2440"]
[BlackElo "2471"]
[PlyCount "98"]
[EventDate "2013.??.??"]
[EventCountry "GER"]
[WhiteTeam "SV Wattenscheid 1930"]
[BlackTeam "SK Turm Emsdetten"]
[TimeControl "40/6000+30:20/3000+30:900+30"]

1. d4 Nf6 2. c4 e6 3. Nc3 Bb4 4. Qc2 c5 5. dxc5 O-O 6. a3 Bxc5 7. Nf3 Nc6 8. b4
Nd4 9. Nxd4 Bxd4 10. Bb2 b6 11. e3 Be5 12. f4 Bxc3+ 13. Qxc3 Ba6 14. b5 Bb7 15.
Bd3 Rc8 16. O-O d5 17. Rfd1 Qe7 18. a4 Rfd8 19. Ba3 Qc7 20. Rac1 dxc4 21. Qxc4
Qxc4 22. Bxc4 Rxd1+ 23. Rxd1 h6 24. Rc1 Ng4 25. Be2 Nxe3 26. Rxc8+ Bxc8 27. Bd6
Nd5 28. Bb8 Nc3 29. Kf2 Nxa4 30. Bxa7 Bd7 31. Ke3 Nc3 32. Kd2 Nd5 33. g3 g5 34.
fxg5 hxg5 35. Bc4 Nc7 36. Bxb6 Nxb5 37. Bxb5 Bxb5 38. Bd8 g4 39. Ke3 Kf8 40.
Kf4 Ke8 41. Ba5 Be2 42. Ke3 Bd1 43. Kf2 Kd7 44. Kg2 Bf3+ 45. Kf2 Be4 46. Ke3
Bf5 47. Bb6 Kc6 48. Bd8 Kd5 49. Bc7 Kc5 1/2-1/2